Blackdemons vs Demolitions
Created - May 4, 2017 at 19:12
Goals
|
| Blackdemons |
0 |
0 |
1 |
1 |
| Demolitions |
2 |
0 |
3 |
5 |
|
Shots
|
| Blackdemons |
5 |
13 |
16 |
34 |
| Demolitions |
5 |
13 |
13 |
31 |
|
1st period
1. Demolitions , Nigel Dawes 23 (Darren Helm 50, Cameron Schilling 26) at 17:09
2. Demolitions , Vince Rocco 6 (Robert Bortuzzo 6, Alex Hutchings 2) at 19:52
Penalties :
Matt Hunwick (MJM) for Holding (Minor) at 17:31
2nd period
No Goal
Penalties :
No Penalty
3rd period
3. Blackdemons , Sergei Plotnikov 18 (Patrice Cormier 23, Igor Makarov 49) at 1:30
4. Demolitions , Corban Knight 9 (Vince Rocco 2, Andrew Campbell 9) at 7:27
5. Demolitions , Cameron Schilling 9 (Billy Sweat 17, Joe Cannata) at 12:11 (PP)
6. Demolitions , Darren Helm 25 (Corban Knight 15, Cameron Schilling 27) at 17:19 (SH)
Penalties :
Igor Makarov (MJM) for Tripping (Minor) at 1:49, Steve Oleksy (MJM) for Hooking (Minor) at 5:10, Matt Hunwick (MJM) for Slashing (Minor) at 11:29, Nigel Dawes (Vic) for Holding (Minor) at 16:53
Goalie Stats
Matt Hackett (MJM), 26 saves from 31 shots - (0.839), L, 13-14-3, 60:00 minutes
Joe Cannata (Vic), 33 saves from 34 shots - (0.971), W, 13-18-1, 60:00 minutes
Players Stats for Blackdemons
Player Name G A P +/- PIM S H SB GA TA FO MP PP MP PK MP
------------------------------------------------------------------------------------
Ben Maxwell 0 0 0 0 0 1 2 0 0 0 4/9 16:33 0:32 1:09
Blake Pietila 0 0 0 -2 0 1 0 2 0 0 0/0 12:07 0:00 1:07
Bryan Rust 0 0 0 0 0 1 0 0 0 0 0/0 10:25 0:00 0:00
Calvin de Haan 0 0 0 -1 0 2 0 1 2 1 0/0 26:30 1:33 4:00
Dan Bertram 0 0 0 0 0 0 1 1 0 2 0/0 13:46 0:00 0:00
Igor Makarov 0 1 1 -1 2 5 2 0 1 0 1/2 20:28 1:27 2:03
Jacob Lagacé 0 0 0 0 0 0 0 0 0 0 0/1 8:59 0:00 0:00
Jeffrey Foss 0 0 0 -3 0 4 1 0 0 0 0/0 14:14 0:00 0:57
Keaton Ellerby 0 0 0 0 0 0 0 0 0 0 0/0 0:18 0:00 0:00
Kyle Rau 0 0 0 0 0 0 2 0 0 0 2/5 11:03 0:32 0:00
Matt Hunwick 0 0 0 -1 4 3 3 7 0 2 0/0 27:02 0:26 2:01
Max Friberg 0 0 0 0 0 0 0 0 0 0 0/0 9:18 0:00 0:00
Noel Acciari 0 0 0 -2 0 5 3 0 0 0 2/5 15:35 0:32 2:21
Oscar Klefbom 0 0 0 -2 0 2 0 1 0 0 0/0 24:32 1:33 3:37
Patrice Cormier 0 1 1 -1 0 7 1 0 0 0 16/32 21:41 1:27 3:15
Scott Timmins 0 0 0 -1 0 0 4 0 0 1 0/1 14:56 0:00 0:47
Sergei Plotnikov 1 0 1 -1 0 2 4 0 0 1 2/2 22:25 1:27 2:42
Steve Oleksy 0 0 0 0 2 1 5 1 2 1 0/0 23:25 0:26 2:37
Players Stats for Demolitions
Player Name G A P +/- PIM S H SB GA TA FO MP PP MP PK MP
------------------------------------------------------------------------------------
Alex Hutchings 0 1 1 2 0 4 1 2 0 0 0/0 12:16 0:00 0:33
Andrew Campbell 0 1 1 0 0 0 2 2 0 1 0/0 21:25 2:41 0:48
Billy Sweat 0 1 1 -1 0 5 2 0 1 0 0/2 20:24 3:10 0:00
Cameron Schilling 1 2 3 2 0 1 2 3 0 0 0/0 25:44 3:58 1:11
Corban Knight 1 1 2 3 0 2 0 0 0 0 9/11 12:04 0:00 1:26
Darren Helm 1 1 2 2 0 3 2 1 2 1 12/25 23:53 3:29 1:26
David Laliberté 0 0 0 -1 0 4 3 0 1 1 0/0 20:31 3:10 0:00
David Rundblad 0 0 0 0 0 4 1 0 2 1 0/0 21:25 2:41 0:48
Josh Beaulieu 0 0 0 0 0 0 1 0 0 0 0/0 11:18 0:00 0:00
Marek Zagrapan 0 0 0 -1 0 3 2 0 1 0 7/14 21:58 3:10 0:33
Matt D'Agostini 0 0 0 1 0 0 1 0 0 0 0/1 15:40 3:29 0:00
Nick Pryor 0 0 0 0 0 0 0 0 0 0 0/0 3:24 0:00 0:00
Nicolas Blanchard 0 0 0 0 0 1 1 1 0 0 2/4 11:26 0:00 0:00
Nigel Dawes 1 0 1 1 2 1 5 0 0 1 0/0 23:53 3:29 0:00
Robert Bortuzzo 0 1 1 1 0 0 1 1 0 0 0/0 12:31 0:00 0:00
Seth Helgeson 0 0 0 2 0 1 3 2 0 0 0/0 23:00 3:58 1:11
Taylor Aronson 0 0 0 1 0 0 1 0 1 0 0/0 12:31 0:00 0:00
Vince Rocco 1 1 2 2 0 2 0 0 0 0 0/0 4:37 0:00 0:00
3 Stars
1 - Cameron Schilling (Vic)
2 - Joe Cannata (Vic)
3 - Darren Helm (Vic)
Power Play
Blackdemons - 0 on 1 Attempt(s) - 0.00%
Demolitions - 1 on 4 Attempt(s) - 25.00%
Penalty Kill
Blackdemons - 3 on 4 Attempt(s) - 75.00%
- Score 0 goal in Penalty Kill
Demolitions - 1 on 1 Attempt(s) - 100.00%
- Score 1 goal in Penalty Kill
Team Stat
Blackdemons - Hits : 28 - Faceoff Wins : 27 - Blocked Shots : 13 - Penalty Minutes : 8
Demolitions - Hits : 28 - Faceoff Wins : 30 - Blocked Shots : 12 - Penalty Minutes : 2
Official
Referees : Kozari Steve and Ciamaga Chris
Linesman : Vaughan Rody and Darren Gibbs
Game Notes
Keaton Ellerby is injured at 0:17 of 1st period (Right Knee)
Finance
Level 1 -- Attendance: 1335 (66.75%) -- Ticket Income $46,725
Level 2 -- Attendance: 757 (75.70%) -- Ticket Income $11,355
Total Attendance: 2092 (69.73%)
Total Ticket Income: $58,080
Other Income: $2,904
Total Income: $60,984
Blackdemons
5 vs 5 Forward
Center Left Wing Right Wing Time % Phy DF OF
1 Patrice Cormier Sergei Plotnikov Igor Makarov 40 1 2 2
2 Ben Maxwell Dan Bertram Scott Timmins 30 1 2 2
3 Noel Acciari Blake Pietila Bryan Rust 20 1 2 2
4 Kyle Rau Jacob Lagacé Max Friberg 10 1 2 2
5 vs 5 Defense
Defense Defense Time % Phy DF OF
1 Oscar Klefbom Keaton Ellerby 40 1 2 2
2 Matt Hunwick Steve Oleksy 30 1 2 2
3 Calvin de Haan Jeffrey Foss 20 1 2 2
4 Matt Hunwick Keaton Ellerby 10 1 2 2
PowerPlay Forward
Center Left Wing Right Wing Time % Phy DF OF
1 Patrice Cormier Sergei Plotnikov Igor Makarov 60 1 2 2
2 Ben Maxwell Noel Acciari Kyle Rau 40 1 2 2
PowerPlay Defense
Defense Defense Time % Phy DF OF
1 Calvin de Haan Keaton Ellerby 60 1 2 2
2 Matt Hunwick Steve Oleksy 40 1 2 2
Penalty Kill 4 Players Forward
Center Wing Time % Phy DF OF
1 Patrice Cormier Igor Makarov 60 1 2 2
2 Ben Maxwell Sergei Plotnikov 40 1 2 2
Penalty Kill 4 Players Defense
Defense Defense Time % Phy DF OF
1 Oscar Klefbom Keaton Ellerby 60 1 2 2
2 Matt Hunwick Steve Oleksy 40 1 2 2
Penalty Kill - 3 Players Forward
Forward Time % Phy DF OF
1 Patrice Cormier 60 1 2 2
2 Ben Maxwell 40 1 2 2
Penalty Kill - 3 Players Defense
Defense Defense Time % Phy DF OF
1 Oscar Klefbom Keaton Ellerby 60 1 2 2
2 Matt Hunwick Steve Oleksy 40 1 2 2
4 vs 4 Forward
Center Wing Time % Phy DF OF
1 Patrice Cormier Igor Makarov 60 1 2 2
2 Ben Maxwell Sergei Plotnikov 40 1 2 2
4 vs 4 Defense
Defense Defense Time % Phy DF OF
1 Calvin de Haan Keaton Ellerby 60 1 2 2
2 Matt Hunwick Steve Oleksy 40 1 2 2
Last Minutes Offensive
Center Left Wing Right Wing Defense Defense
Patrice Cormier Sergei Plotnikov Igor Makarov Matt Hunwick Keaton Ellerby
Last Minutes Defensive
Center Left Wing Right Wing Defense Defense
Patrice Cormier Sergei Plotnikov Igor Makarov Matt Hunwick Keaton Ellerby
Goaltenders
Starting : Matt Hackett
Backup : Sebastien Caron
Extra Forwards
Normal : Kyle Rau, Ben Maxwell, Noel Acciari - PP : Kyle Rau, Ben Maxwell - PK : Noel Acciari
Extra Defensemen
Normal : Calvin de Haan, Oscar Klefbom, Matt Hunwick - PP : Calvin de Haan - PK : Oscar Klefbom, Matt Hunwick
Penalty Shots
Patrice Cormier, Ben Maxwell, Igor Makarov, Sergei Plotnikov, Noel Acciari
Scratches
Jordan Szwarz (Healthy), Charles-Olivier Roussel (Healthy), Klas Dahlbeck (Healthy), Scott Wilson (Healthy), Jyrki Jokipakka (Healthy)
Reece Scarlett (Healthy), Steven Zalewski (Healthy), Andrew MacDonald (Abdominal Strain Injury), Nicolas Deschamps (Healthy), Sami Aittokallio (Healthy)
Demolitions
5 vs 5 Forward
Center Left Wing Right Wing Time % Phy DF OF
1 Darren Helm Nigel Dawes Matt D'Agostini 40 1 2 2
2 Marek Zagrapan Billy Sweat David Laliberté 30 1 2 2
3 Nicolas Blanchard Josh Beaulieu Nigel Dawes 20 1 2 2
4 Corban Knight Alex Hutchings Darren Helm 10 1 2 2
5 vs 5 Defense
Defense Defense Time % Phy DF OF
1 Cameron Schilling Seth Helgeson 40 1 2 2
2 David Rundblad Andrew Campbell 30 1 2 2
3 Robert Bortuzzo Taylor Aronson 20 1 2 2
4 Nick Pryor Cameron Schilling 10 1 2 2
PowerPlay Forward
Center Left Wing Right Wing Time % Phy DF OF
1 Darren Helm Nigel Dawes Matt D'Agostini 60 1 2 2
2 Marek Zagrapan Billy Sweat David Laliberté 40 1 2 2
PowerPlay Defense
Defense Defense Time % Phy DF OF
1 Cameron Schilling Seth Helgeson 60 1 2 2
2 David Rundblad Andrew Campbell 40 1 2 2
Penalty Kill 4 Players Forward
Center Wing Time % Phy DF OF
1 Nigel Dawes Darren Helm 60 1 2 2
2 Matt D'Agostini Marek Zagrapan 40 1 2 2
Penalty Kill 4 Players Defense
Defense Defense Time % Phy DF OF
1 Cameron Schilling Seth Helgeson 60 1 2 2
2 David Rundblad Andrew Campbell 40 1 2 2
Penalty Kill - 3 Players Forward
Forward Time % Phy DF OF
1 Nigel Dawes 60 1 2 2
2 Darren Helm 40 1 2 2
Penalty Kill - 3 Players Defense
Defense Defense Time % Phy DF OF
1 Cameron Schilling Seth Helgeson 60 1 2 2
2 David Rundblad Andrew Campbell 40 1 2 2
4 vs 4 Forward
Center Wing Time % Phy DF OF
1 Nigel Dawes Darren Helm 60 1 2 2
2 Matt D'Agostini Marek Zagrapan 40 1 2 2
4 vs 4 Defense
Defense Defense Time % Phy DF OF
1 Cameron Schilling Seth Helgeson 60 1 2 2
2 David Rundblad Andrew Campbell 40 1 2 2
Last Minutes Offensive
Center Left Wing Right Wing Defense Defense
Darren Helm Nigel Dawes Matt D'Agostini Cameron Schilling Seth Helgeson
Last Minutes Defensive
Center Left Wing Right Wing Defense Defense
Darren Helm Nigel Dawes Matt D'Agostini Cameron Schilling Seth Helgeson
Goaltenders
Starting : Joe Cannata
Backup : Jussi Rynnas
Extra Forwards
Normal : Vince Rocco, Nicolas Blanchard, Corban Knight - PP : Vince Rocco, Nicolas Blanchard - PK : Corban Knight
Extra Defensemen
Normal : Robert Bortuzzo, Taylor Aronson, Nick Pryor - PP : Robert Bortuzzo - PK : Taylor Aronson, Nick Pryor
Penalty Shots
Nigel Dawes, Darren Helm, Matt D'Agostini, Marek Zagrapan, David Laliberté
Scratches
Ryan Vesce (Strained Left Elbow Injury)
% Time on Ice - Blackdemons
Lines # - Real PCT - Wanted PCT - Time Play
Normal Forward
1 - 34% - 40% - 17:39
2 - 28% - 30% - 14:33
3 - 20% - 20% - 10:25
4 - 17% - 10% - 8:45
Normal Defense
1 - 36% - 40% - 18:30
2 - 29% - 30% - 14:51
3 - 17% - 20% - 8:44
4 - 18% - 10% - 9:17
PP Forward
1 - 73% - 60% - 1:27
2 - 27% - 40% - 0:32
PP Defense
1 - 78% - 60% - 1:33
2 - 22% - 40% - 0:26
PK Forward
1 - 83% - 60% - 5:30
2 - 17% - 40% - 1:09
PK Defense
1 - 61% - 60% - 4:02
2 - 39% - 40% - 2:37
PK3 Forward
1 - 0% - 60%
2 - 0% - 40%
PK3 Defense
1 - 0% - 60%
2 - 0% - 40%
44 Forward
1 - 0% - 60%
2 - 0% - 40%
44 Defense
1 - 0% - 60%
2 - 0% - 40%
Last Minute Offensive - 0:00
Last Minute Defensive - 0:00
Total
Forward - 60:00
Defense - 60:00
|
% Time on Ice - Demolitions
Lines # - Real PCT - Wanted PCT - Time Play
Normal Forward
1 - 25% - 40% - 12:59
2 - 34% - 30% - 17:18
3 - 22% - 20% - 11:11
4 - 19% - 10% - 9:54
Normal Defense
1 - 35% - 40% - 17:51
2 - 35% - 30% - 17:56
3 - 24% - 20% - 12:31
4 - 6% - 10% - 3:04
PP Forward
1 - 52% - 60% - 3:29
2 - 48% - 40% - 3:10
PP Defense
1 - 60% - 60% - 3:58
2 - 40% - 40% - 2:41
PK Forward
1 - 100% - 60% - 1:59
2 - 0% - 40% - 0:00
PK Defense
1 - 60% - 60% - 1:11
2 - 40% - 40% - 0:48
PK3 Forward
1 - 0% - 60%
2 - 0% - 40%
PK3 Defense
1 - 0% - 60%
2 - 0% - 40%
44 Forward
1 - 0% - 60%
2 - 0% - 40%
44 Defense
1 - 0% - 60%
2 - 0% - 40%
Last Minute Offensive - 0:00
Last Minute Defensive - 0:00
Total
Forward - 60:00
Defense - 60:00
|
Play by Play
1st period
0:01 of 1st period - Patrice Cormier wins face-off versus Darren Helm in neutral zone.
0:16 of 1st period - Keaton Ellerby is hit by Darren Helm and loses puck.
0:17 of 1st period - Keaton Ellerby from Blackdemons is injured at 0:17 of 1st period (Right Knee).
0:18 of 1st period - Marek Zagrapan wins face-off versus Ben Maxwell in Blackdemons zone.
0:25 of 1st period - Snap shot by Marek Zagrapan.
0:25 of 1st period - Shot Misses the Net.
0:27 of 1st period - Slapshot by Marek Zagrapan.
0:27 of 1st period - Stopped by Matt Hackett without a rebound.
0:28 of 1st period - Ben Maxwell wins face-off versus Marek Zagrapan in Blackdemons zone.
0:47 of 1st period - Slapshot by Ben Maxwell.
0:47 of 1st period - Shot Blocked by Andrew Campbell.
1:05 of 1st period - Wrist shot by Marek Zagrapan.
1:05 of 1st period - Shot Blocked by Dan Bertram.
1:07 of 1st period - Snap shot by Marek Zagrapan.
1:07 of 1st period - Shot Misses the Net.
1:27 of 1st period - Wrist shot by David Laliberté.
1:27 of 1st period - Shot Misses the Net.
1:37 of 1st period - Snap shot by David Laliberté.
1:37 of 1st period - Shot Misses the Net.
1:45 of 1st period - Slapshot by David Laliberté.
1:45 of 1st period - Shot Blocked by Matt Hunwick.
1:47 of 1st period - Slapshot by Andrew Campbell.
1:47 of 1st period - Shot Blocked by Matt Hunwick.
2:05 of 1st period - Snap shot by David Laliberté.
2:05 of 1st period - Shot Misses the Net.
2:07 of 1st period - Snap shot by David Rundblad.
2:07 of 1st period - Deflect By Marek Zagrapan.
2:07 of 1st period - Stopped by Matt Hackett with a rebound.
2:09 of 1st period - Wrist shot by David Rundblad.
2:09 of 1st period - Shot Blocked by Matt Hunwick.
2:11 of 1st period - Snap shot by Marek Zagrapan.
2:11 of 1st period - Deflect By Billy Sweat.
2:11 of 1st period - Shot Misses the Net.
2:11 of 1st period - Puck is out of play.
2:12 of 1st period - Patrice Cormier wins face-off versus Darren Helm in Blackdemons zone.
2:46 of 1st period - Backhand shot by Calvin de Haan.
2:46 of 1st period - Shot Blocked by Cameron Schilling.
3:10 of 1st period - Oscar Klefbom is hit by Taylor Aronson and loses puck.
3:37 of 1st period - Wrist shot by Bryan Rust.
3:37 of 1st period - Stopped by Joe Cannata with a rebound.
5:26 of 1st period - Matt Hunwick is hit by Josh Beaulieu and loses puck.
6:52 of 1st period - Jeffrey Foss is hit by Nigel Dawes and loses puck.
8:12 of 1st period - Bryan Rust is hit by Marek Zagrapan and loses puck.
8:56 of 1st period - Icing by Marek Zagrapan.
8:57 of 1st period - Noel Acciari wins face-off versus Marek Zagrapan in Demolitions zone.
9:34 of 1st period - Jacob Lagacé is hit by Seth Helgeson and loses puck.
9:47 of 1st period - Marek Zagrapan is hit by Noel Acciari.
10:38 of 1st period - Slapshot by Oscar Klefbom.
10:38 of 1st period - Shot Blocked by Andrew Campbell.
10:48 of 1st period - Blake Pietila is hit by David Laliberté and loses puck.
11:14 of 1st period - Taylor Aronson is hit by Scott Timmins.
11:33 of 1st period - Alex Hutchings is hit by Sergei Plotnikov and loses puck.
11:55 of 1st period - David Laliberté is hit by Steve Oleksy and loses puck.
12:06 of 1st period - Blake Pietila is hit by Cameron Schilling.
12:56 of 1st period - Nicolas Blanchard is hit by Sergei Plotnikov and loses puck.
13:15 of 1st period - Andrew Campbell is hit by Matt Hunwick and loses puck.
13:30 of 1st period - Slapshot by Calvin de Haan.
13:30 of 1st period - Shot Misses the Net.
13:32 of 1st period - Slapshot by Calvin de Haan.
13:32 of 1st period - Deflect By Andrew Campbell.
13:32 of 1st period - Stopped by Joe Cannata with a rebound.
13:34 of 1st period - Slapshot by Noel Acciari.
13:34 of 1st period - Stopped by Joe Cannata with a rebound.
14:22 of 1st period - Icing by Max Friberg.
14:23 of 1st period - Kyle Rau wins face-off versus Darren Helm in Blackdemons zone.
14:28 of 1st period - Robert Bortuzzo is hit by Igor Makarov.
14:32 of 1st period - Matt D'Agostini is hit by Steve Oleksy and loses puck.
14:45 of 1st period - David Rundblad is hit by Scott Timmins.
15:04 of 1st period - Slapshot by Matt Hunwick.
15:04 of 1st period - Stopped by Joe Cannata without a rebound.
15:05 of 1st period - Marek Zagrapan wins face-off versus Noel Acciari in Demolitions zone.
15:18 of 1st period - Snap shot by Noel Acciari.
15:18 of 1st period - Shot Misses the Net.
15:20 of 1st period - Slapshot by Oscar Klefbom.
15:20 of 1st period - Shot Misses the Net.
16:15 of 1st period - Snap shot by Darren Helm.
16:15 of 1st period - Shot Misses the Net.
16:31 of 1st period - Wrist shot by Billy Sweat.
16:31 of 1st period - Stopped by Matt Hackett without a rebound.
16:32 of 1st period - Noel Acciari wins face-off versus Marek Zagrapan in Blackdemons zone.
16:50 of 1st period - David Rundblad is hit by Steve Oleksy and loses puck.
16:57 of 1st period - Wrist shot by Noel Acciari.
16:57 of 1st period - Stopped by Joe Cannata without a rebound.
16:58 of 1st period - Darren Helm wins face-off versus Patrice Cormier in Demolitions zone.
17:09 of 1st period - Slapshot by Nigel Dawes.
17:09 of 1st period - Goal by Nigel Dawes - Blackdemons : 0 - Demolitions : 1.
17:10 of 1st period - Igor Makarov wins face-off versus Darren Helm in neutral zone.
17:31 of 1st period - Minor Penalty to Matt Hunwick for Holding.
17:32 of 1st period - Patrice Cormier wins face-off versus Darren Helm in Blackdemons zone.
17:32 of 1st period - Patrice Cormier is hit by Nigel Dawes.
17:44 of 1st period - Snap shot by Patrice Cormier.
17:44 of 1st period - Shot Blocked by Cameron Schilling.
18:30 of 1st period - Oscar Klefbom is hit by Nigel Dawes and loses puck.
19:11 of 1st period - Billy Sweat is hit by Steve Oleksy and loses puck.
19:31 of 1st period - Penalty to Matt Hunwick is over, Matt Hunwick is back on ice.
19:48 of 1st period - Slapshot by Alex Hutchings.
19:48 of 1st period - Shot Blocked by Blake Pietila.
19:50 of 1st period - Slapshot by Robert Bortuzzo.
19:50 of 1st period - Shot Blocked by Matt Hunwick.
19:52 of 1st period - Wrist shot by Vince Rocco.
19:52 of 1st period - Goal by Vince Rocco - Blackdemons : 0 - Demolitions : 2.
19:53 of 1st period - Darren Helm wins face-off versus Ben Maxwell in neutral zone.
Goals for this period are 0 for Blackdemons vs 2 for Demolitions.
Shots for this period are 5 for Blackdemons vs 5 for Demolitions.
2nd period
0:01 of 2nd period - Darren Helm wins face-off versus Patrice Cormier in neutral zone.
0:14 of 2nd period - Snap shot by Igor Makarov.
0:14 of 2nd period - Shot Misses the Net.
0:36 of 2nd period - Cameron Schilling is hit by Scott Timmins and loses puck.
0:59 of 2nd period - Snap shot by Darren Helm.
0:59 of 2nd period - Stopped by Matt Hackett without a rebound.
1:00 of 2nd period - Corban Knight wins face-off versus Patrice Cormier in Blackdemons zone.
1:01 of 2nd period - Wrist shot by Darren Helm.
1:01 of 2nd period - Shot Blocked by Matt Hunwick.
1:25 of 2nd period - Bryan Rust is hit by David Rundblad and loses puck.
2:09 of 2nd period - Darren Helm is hit by Jeffrey Foss and loses puck.
2:58 of 2nd period - Oscar Klefbom is hit by Nigel Dawes and loses puck.
3:05 of 2nd period - Josh Beaulieu is hit by Kyle Rau.
3:09 of 2nd period - Slapshot by Oscar Klefbom.
3:09 of 2nd period - Deflect By Jacob Lagacé.
3:09 of 2nd period - Shot Misses the Net.
3:09 of 2nd period - Puck is out of play.
3:10 of 2nd period - Marek Zagrapan wins face-off versus Patrice Cormier in Demolitions zone.
3:17 of 2nd period - Wrist shot by Igor Makarov.
3:17 of 2nd period - Stopped by Joe Cannata without a rebound.
3:18 of 2nd period - Patrice Cormier wins face-off versus Marek Zagrapan in Demolitions zone.
4:15 of 2nd period - Snap shot by Billy Sweat.
4:15 of 2nd period - Stopped by Matt Hackett with a rebound.
4:28 of 2nd period - Icing by Matt Hunwick.
4:29 of 2nd period - Corban Knight wins face-off versus Kyle Rau in Blackdemons zone.
4:32 of 2nd period - Snap shot by Corban Knight.
4:32 of 2nd period - Stopped by Matt Hackett with a rebound.
4:34 of 2nd period - Snap shot by Darren Helm.
4:34 of 2nd period - Shot Blocked by Matt Hunwick.
4:36 of 2nd period - Snap shot by Alex Hutchings.
4:36 of 2nd period - Stopped by Matt Hackett with a rebound.
4:38 of 2nd period - Slapshot by Seth Helgeson.
4:38 of 2nd period - Shot Misses the Net.
4:40 of 2nd period - Slapshot by Seth Helgeson.
4:40 of 2nd period - Stopped by Matt Hackett without a rebound.
4:41 of 2nd period - Patrice Cormier wins face-off versus Darren Helm in Blackdemons zone.
4:46 of 2nd period - Slapshot by Steve Oleksy.
4:46 of 2nd period - Shot Blocked by Seth Helgeson.
5:12 of 2nd period - Wrist shot by Ben Maxwell.
5:12 of 2nd period - Stopped by Joe Cannata with a rebound.
5:32 of 2nd period - Slapshot by Oscar Klefbom.
5:32 of 2nd period - Shot Blocked by Nicolas Blanchard.
5:53 of 2nd period - Wrist shot by Oscar Klefbom.
5:53 of 2nd period - Shot Misses the Net.
5:55 of 2nd period - Slapshot by Jacob Lagacé.
5:55 of 2nd period - Shot Misses the Net.
5:57 of 2nd period - Slapshot by Max Friberg.
5:57 of 2nd period - Shot Blocked by Alex Hutchings.
6:07 of 2nd period - Cameron Schilling is hit by Matt Hunwick and loses puck.
6:12 of 2nd period - Snap shot by Igor Makarov.
6:12 of 2nd period - Shot Misses the Net.
6:50 of 2nd period - Snap shot by David Laliberté.
6:50 of 2nd period - Stopped by Matt Hackett with a rebound.
6:52 of 2nd period - Snap shot by Billy Sweat.
6:52 of 2nd period - Deflect By Steve Oleksy.
6:52 of 2nd period - Stopped by Matt Hackett with a rebound.
7:10 of 2nd period - Steve Oleksy is hit by Alex Hutchings and loses puck.
7:21 of 2nd period - Nicolas Blanchard is hit by Steve Oleksy and loses puck.
7:26 of 2nd period - Snap shot by Patrice Cormier.
7:26 of 2nd period - Deflect By Igor Makarov.
7:26 of 2nd period - Shot Misses the Net.
7:26 of 2nd period - Puck is out of play.
7:27 of 2nd period - Marek Zagrapan wins face-off versus Patrice Cormier in Demolitions zone.
7:41 of 2nd period - Wrist shot by Patrice Cormier.
7:41 of 2nd period - Stopped by Joe Cannata without a rebound.
7:42 of 2nd period - Ben Maxwell wins face-off versus Darren Helm in Demolitions zone.
8:12 of 2nd period - Slapshot by David Rundblad.
8:12 of 2nd period - Stopped by Matt Hackett with a rebound.
8:15 of 2nd period - Icing by Scott Timmins.
8:16 of 2nd period - Ben Maxwell wins face-off versus Darren Helm in Blackdemons zone.
8:25 of 2nd period - Slapshot by David Rundblad.
8:25 of 2nd period - Shot Misses the Net.
8:27 of 2nd period - Slapshot by Nigel Dawes.
8:27 of 2nd period - Shot Misses the Net.
8:29 of 2nd period - Wrist shot by Darren Helm.
8:29 of 2nd period - Stopped by Matt Hackett with a rebound.
8:43 of 2nd period - Wrist shot by Billy Sweat.
8:43 of 2nd period - Stopped by Matt Hackett with a rebound.
8:45 of 2nd period - Slapshot by Andrew Campbell.
8:45 of 2nd period - Shot Blocked by Calvin de Haan.
8:47 of 2nd period - Slapshot by David Laliberté.
8:47 of 2nd period - Stopped by Matt Hackett without a rebound.
8:48 of 2nd period - Darren Helm wins face-off versus Patrice Cormier in Blackdemons zone.
8:54 of 2nd period - Icing by Igor Makarov.
8:55 of 2nd period - Darren Helm wins face-off versus Patrice Cormier in Blackdemons zone.
9:07 of 2nd period - Snap shot by Patrice Cormier.
9:07 of 2nd period - Stopped by Joe Cannata with a rebound.
9:09 of 2nd period - Snap shot by Steve Oleksy.
9:09 of 2nd period - Deflect By Patrice Cormier.
9:09 of 2nd period - Stopped by Joe Cannata without a rebound.
9:10 of 2nd period - Patrice Cormier wins face-off versus Darren Helm in Demolitions zone.
9:37 of 2nd period - Jeffrey Foss is hit by Seth Helgeson and loses puck.
10:23 of 2nd period - Matt Hunwick is hit by Darren Helm and loses puck.
11:27 of 2nd period - Kyle Rau is hit by Billy Sweat and loses puck.
11:58 of 2nd period - Icing by Robert Bortuzzo.
11:59 of 2nd period - Patrice Cormier wins face-off versus Billy Sweat in Demolitions zone.
12:08 of 2nd period - Snap shot by Marek Zagrapan.
12:08 of 2nd period - Shot Blocked by Oscar Klefbom.
12:58 of 2nd period - Snap shot by David Laliberté.
12:58 of 2nd period - Stopped by Matt Hackett with a rebound.
13:38 of 2nd period - Slapshot by Billy Sweat.
13:38 of 2nd period - Shot Misses the Net.
14:06 of 2nd period - Slapshot by Matt Hunwick.
14:06 of 2nd period - Stopped by Joe Cannata with a rebound.
14:39 of 2nd period - Josh Beaulieu is hit by Matt Hunwick and loses puck.
14:44 of 2nd period - Slapshot by Jeffrey Foss.
14:44 of 2nd period - Shot Misses the Net.
14:48 of 2nd period - Wrist shot by Noel Acciari.
14:48 of 2nd period - Shot Blocked by Robert Bortuzzo.
15:28 of 2nd period - Snap shot by Jeffrey Foss.
15:28 of 2nd period - Stopped by Joe Cannata with a rebound.
15:30 of 2nd period - Backhand shot by Jeffrey Foss.
15:30 of 2nd period - Stopped by Joe Cannata without a rebound.
15:31 of 2nd period - Marek Zagrapan wins face-off versus Kyle Rau in Demolitions zone.
16:36 of 2nd period - Igor Makarov is hit by Nigel Dawes and loses puck.
16:49 of 2nd period - Alex Hutchings is hit by Noel Acciari and loses puck.
16:58 of 2nd period - Snap shot by Matt Hunwick.
16:58 of 2nd period - Shot Blocked by Alex Hutchings.
17:35 of 2nd period - Icing by Cameron Schilling.
17:36 of 2nd period - Nicolas Blanchard wins face-off versus Patrice Cormier in Demolitions zone.
17:41 of 2nd period - Calvin de Haan is hit by Nicolas Blanchard and loses puck.
18:16 of 2nd period - Slapshot by David Rundblad.
18:16 of 2nd period - Stopped by Matt Hackett without a rebound.
18:17 of 2nd period - Kyle Rau wins face-off versus Marek Zagrapan in Blackdemons zone.
18:22 of 2nd period - Wrist shot by Matt Hunwick.
18:22 of 2nd period - Deflect By Jacob Lagacé.
18:22 of 2nd period - Shot Misses the Net.
18:22 of 2nd period - Puck is out of play.
18:23 of 2nd period - Sergei Plotnikov wins face-off versus Marek Zagrapan in Demolitions zone.
19:14 of 2nd period - Snap shot by Jeffrey Foss.
19:14 of 2nd period - Deflect By Noel Acciari.
19:14 of 2nd period - Shot Blocked by Cameron Schilling.
19:14 of 2nd period - Puck is out of play.
19:15 of 2nd period - Patrice Cormier wins face-off versus Marek Zagrapan in Demolitions zone.
19:18 of 2nd period - Slapshot by Calvin de Haan.
19:18 of 2nd period - Shot Misses the Net.
19:20 of 2nd period - Wrist shot by Sergei Plotnikov.
19:20 of 2nd period - Stopped by Joe Cannata without a rebound.
19:21 of 2nd period - Patrice Cormier wins face-off versus Billy Sweat in Demolitions zone.
19:26 of 2nd period - Backhand shot by Patrice Cormier.
19:26 of 2nd period - Stopped by Joe Cannata with a rebound.
19:28 of 2nd period - Snap shot by Igor Makarov.
19:28 of 2nd period - Stopped by Joe Cannata with a rebound.
19:30 of 2nd period - Snap shot by Jeffrey Foss.
19:30 of 2nd period - Stopped by Joe Cannata with a rebound.
19:32 of 2nd period - Wrist shot by Igor Makarov.
19:32 of 2nd period - Shot Hit the Post.
19:34 of 2nd period - Wrist shot by Patrice Cormier.
19:34 of 2nd period - Stopped by Joe Cannata without a rebound.
19:35 of 2nd period - Patrice Cormier wins face-off versus Darren Helm in Demolitions zone.
19:38 of 2nd period - Slapshot by Igor Makarov.
19:38 of 2nd period - Shot Misses the Net.
Goals for this period are 0 for Blackdemons vs 0 for Demolitions.
Shots for this period are 13 for Blackdemons vs 13 for Demolitions.
3rd period
0:01 of 3rd period - Darren Helm wins face-off versus Patrice Cormier in neutral zone.
0:25 of 3rd period - Ben Maxwell is hit by Seth Helgeson and loses puck.
1:02 of 3rd period - Slapshot by Matt Hunwick.
1:02 of 3rd period - Stopped by Joe Cannata with a rebound.
1:22 of 3rd period - Wrist shot by Igor Makarov.
1:22 of 3rd period - Stopped by Joe Cannata with a rebound.
1:24 of 3rd period - Wrist shot by Steve Oleksy.
1:24 of 3rd period - Shot Misses the Net.
1:26 of 3rd period - Snap shot by Steve Oleksy.
1:26 of 3rd period - Stopped by Joe Cannata with a rebound.
1:28 of 3rd period - Wrist shot by Igor Makarov.
1:28 of 3rd period - Shot Misses the Net.
1:30 of 3rd period - Backhand shot by Patrice Cormier.
1:30 of 3rd period - Deflect By Sergei Plotnikov.
1:30 of 3rd period - Goal by Sergei Plotnikov - Blackdemons : 1 - Demolitions : 2.
1:31 of 3rd period - Darren Helm wins face-off versus Patrice Cormier in neutral zone.
1:42 of 3rd period - Wrist shot by Darren Helm.
1:42 of 3rd period - Deflect By Oscar Klefbom.
1:42 of 3rd period - Shot Misses the Net.
1:42 of 3rd period - Puck is out of play.
1:43 of 3rd period - Darren Helm wins face-off versus Patrice Cormier in Blackdemons zone.
1:49 of 3rd period - Minor Penalty to Igor Makarov for Tripping.
1:50 of 3rd period - Patrice Cormier wins face-off versus Matt D'Agostini in Blackdemons zone.
2:16 of 3rd period - Noel Acciari is hit by Billy Sweat and loses puck.
3:11 of 3rd period - Wrist shot by Scott Timmins.
3:11 of 3rd period - Shot Misses the Net.
3:49 of 3rd period - Penalty to Igor Makarov is over, Igor Makarov is back on ice.
4:01 of 3rd period - Off-side.
4:02 of 3rd period - Nicolas Blanchard wins face-off versus Jacob Lagacé in neutral zone.
4:13 of 3rd period - Kyle Rau is hit by Robert Bortuzzo and loses puck.
4:30 of 3rd period - Off-side.
4:31 of 3rd period - Corban Knight wins face-off versus Scott Timmins in neutral zone.
4:44 of 3rd period - Alex Hutchings is hit by Ben Maxwell.
5:10 of 3rd period - Minor Penalty to Steve Oleksy for Hooking.
5:11 of 3rd period - Patrice Cormier wins face-off versus Darren Helm in Blackdemons zone.
5:21 of 3rd period - Igor Makarov is hit by Matt D'Agostini.
6:10 of 3rd period - Matt D'Agostini is hit by Sergei Plotnikov and loses puck.
6:25 of 3rd period - Matt Hunwick is hit by David Laliberté and loses puck.
7:10 of 3rd period - Penalty to Steve Oleksy is over, Steve Oleksy is back on ice.
7:25 of 3rd period - Snap shot by Corban Knight.
7:25 of 3rd period - Deflect By Vince Rocco.
7:25 of 3rd period - Stopped by Matt Hackett with a rebound.
7:27 of 3rd period - Wrist shot by Corban Knight.
7:27 of 3rd period - Goal by Corban Knight - Blackdemons : 1 - Demolitions : 3.
7:28 of 3rd period - Marek Zagrapan wins face-off versus Patrice Cormier in neutral zone.
7:34 of 3rd period - Icing by Steve Oleksy.
7:35 of 3rd period - Marek Zagrapan wins face-off versus Patrice Cormier in Blackdemons zone.
7:50 of 3rd period - Slapshot by Andrew Campbell.
7:50 of 3rd period - Shot Misses the Net.
7:56 of 3rd period - David Laliberté is hit by Igor Makarov.
8:29 of 3rd period - Snap shot by Patrice Cormier.
8:29 of 3rd period - Stopped by Joe Cannata without a rebound.
8:30 of 3rd period - Darren Helm wins face-off versus Ben Maxwell in Demolitions zone.
8:30 of 3rd period - Darren Helm is hit by Dan Bertram.
8:56 of 3rd period - Nigel Dawes is hit by Noel Acciari and loses puck.
9:01 of 3rd period - Slapshot by Oscar Klefbom.
9:01 of 3rd period - Deflect By Bryan Rust.
9:01 of 3rd period - Shot Misses the Net.
9:01 of 3rd period - Puck is out of play.
9:02 of 3rd period - Corban Knight wins face-off versus Noel Acciari in Demolitions zone.
9:38 of 3rd period - Taylor Aronson is hit by Scott Timmins and loses puck.
9:54 of 3rd period - Steve Oleksy is hit by David Laliberté and loses puck.
10:06 of 3rd period - Icing by David Laliberté.
10:07 of 3rd period - Corban Knight wins face-off versus Kyle Rau in Demolitions zone.
10:20 of 3rd period - Snap shot by Corban Knight.
10:20 of 3rd period - Shot Blocked by Matt Hunwick.
10:41 of 3rd period - Snap shot by David Laliberté.
10:41 of 3rd period - Stopped by Matt Hackett with a rebound.
11:06 of 3rd period - Slapshot by Matt Hunwick.
11:06 of 3rd period - Shot Blocked by Darren Helm.
11:23 of 3rd period - Snap shot by Billy Sweat.
11:23 of 3rd period - Stopped by Matt Hackett with a rebound.
11:29 of 3rd period - Minor Penalty to Matt Hunwick for Slashing.
11:30 of 3rd period - Darren Helm wins face-off versus Noel Acciari in Blackdemons zone.
12:11 of 3rd period - Slapshot by Cameron Schilling.
12:11 of 3rd period - Goal by Cameron Schilling - Blackdemons : 1 - Demolitions : 4.
12:12 of 3rd period - Darren Helm wins face-off versus Ben Maxwell in neutral zone.
12:20 of 3rd period - Slapshot by Jeffrey Foss.
12:20 of 3rd period - Shot Misses the Net.
12:22 of 3rd period - Slapshot by Calvin de Haan.
12:22 of 3rd period - Shot Blocked by Seth Helgeson.
12:38 of 3rd period - Jeffrey Foss is hit by Marek Zagrapan and loses puck.
12:59 of 3rd period - Snap shot by Nigel Dawes.
12:59 of 3rd period - Shot Blocked by Blake Pietila.
13:01 of 3rd period - Slapshot by Seth Helgeson.
13:01 of 3rd period - Shot Blocked by Steve Oleksy.
13:03 of 3rd period - Snap shot by Nicolas Blanchard.
13:03 of 3rd period - Stopped by Matt Hackett with a rebound.
13:41 of 3rd period - Ben Maxwell is hit by Andrew Campbell and loses puck.
13:54 of 3rd period - Snap shot by Nicolas Blanchard.
13:54 of 3rd period - Shot Misses the Net.
14:12 of 3rd period - Snap shot by Noel Acciari.
14:12 of 3rd period - Stopped by Joe Cannata with a rebound.
14:14 of 3rd period - Slapshot by Noel Acciari.
14:14 of 3rd period - Stopped by Joe Cannata with a rebound.
14:16 of 3rd period - Slapshot by Oscar Klefbom.
14:16 of 3rd period - Stopped by Joe Cannata with a rebound.
14:18 of 3rd period - Snap shot by Noel Acciari.
14:18 of 3rd period - Stopped by Joe Cannata without a rebound.
14:19 of 3rd period - Corban Knight wins face-off versus Patrice Cormier in Demolitions zone.
14:45 of 3rd period - Nigel Dawes is hit by Ben Maxwell and loses puck.
14:52 of 3rd period - Scott Timmins is hit by Andrew Campbell and loses puck.
15:22 of 3rd period - Jacob Lagacé is hit by Cameron Schilling and loses puck.
16:18 of 3rd period - Slapshot by Noel Acciari.
16:18 of 3rd period - Shot Misses the Net.
16:20 of 3rd period - Wrist shot by Blake Pietila.
16:20 of 3rd period - Stopped by Joe Cannata without a rebound.
16:21 of 3rd period - Sergei Plotnikov wins face-off versus Nicolas Blanchard in Demolitions zone.
16:26 of 3rd period - Snap shot by Igor Makarov.
16:26 of 3rd period - Stopped by Joe Cannata with a rebound.
16:28 of 3rd period - Slapshot by Jeffrey Foss.
16:28 of 3rd period - Deflect By Nigel Dawes.
16:28 of 3rd period - Stopped by Joe Cannata without a rebound.
16:29 of 3rd period - Patrice Cormier wins face-off versus Nicolas Blanchard in Demolitions zone.
16:36 of 3rd period - Slapshot by Igor Makarov.
16:36 of 3rd period - Deflect By Patrice Cormier.
16:36 of 3rd period - Shot Misses the Net.
16:36 of 3rd period - Puck is out of play.
16:37 of 3rd period - Patrice Cormier wins face-off versus Darren Helm in Demolitions zone.
16:50 of 3rd period - Wrist shot by Igor Makarov.
16:50 of 3rd period - Stopped by Joe Cannata without a rebound.
16:51 of 3rd period - Darren Helm wins face-off versus Ben Maxwell in Demolitions zone.
16:53 of 3rd period - Minor Penalty to Nigel Dawes for Holding.
16:54 of 3rd period - Patrice Cormier wins face-off versus Corban Knight in Demolitions zone.
17:05 of 3rd period - Wrist shot by Patrice Cormier.
17:05 of 3rd period - Shot Misses the Net.
17:07 of 3rd period - Wrist shot by Patrice Cormier.
17:07 of 3rd period - Stopped by Joe Cannata without a rebound.
17:08 of 3rd period - Corban Knight wins face-off versus Igor Makarov in Demolitions zone.
17:19 of 3rd period - Snap shot by Darren Helm.
17:19 of 3rd period - Goal by Darren Helm - Blackdemons : 1 - Demolitions : 5.
17:20 of 3rd period - Corban Knight wins face-off versus Patrice Cormier in neutral zone.
17:24 of 3rd period - Off-side.
17:25 of 3rd period - Corban Knight wins face-off versus Patrice Cormier in neutral zone.
17:34 of 3rd period - Wrist shot by Corban Knight.
17:34 of 3rd period - Shot Hit the Post.
17:46 of 3rd period - Seth Helgeson is hit by Patrice Cormier and loses puck.
18:13 of 3rd period - David Rundblad is hit by Sergei Plotnikov and loses puck.
18:18 of 3rd period - Wrist shot by Patrice Cormier.
18:18 of 3rd period - Shot Misses the Net.
18:20 of 3rd period - Slapshot by Oscar Klefbom.
18:20 of 3rd period - Stopped by Joe Cannata without a rebound.
18:21 of 3rd period - Ben Maxwell wins face-off versus Corban Knight in Demolitions zone.
18:53 of 3rd period - Penalty to Nigel Dawes is over, Nigel Dawes is back on ice.
18:58 of 3rd period - Marek Zagrapan is hit by Kyle Rau and loses puck.
19:23 of 3rd period - Slapshot by Calvin de Haan.
19:23 of 3rd period - Stopped by Joe Cannata with a rebound.
19:35 of 3rd period - Snap shot by Marek Zagrapan.
19:35 of 3rd period - Shot Misses the Net.
19:37 of 3rd period - Slapshot by Andrew Campbell.
19:37 of 3rd period - Deflect By Alex Hutchings.
19:37 of 3rd period - Stopped by Matt Hackett with a rebound.
19:39 of 3rd period - Snap shot by Alex Hutchings.
19:39 of 3rd period - Shot Misses the Net.
19:41 of 3rd period - Wrist shot by Alex Hutchings.
19:41 of 3rd period - Stopped by Matt Hackett with a rebound.
19:43 of 3rd period - Wrist shot by Alex Hutchings.
19:43 of 3rd period - Stopped by Matt Hackett with a rebound.
19:45 of 3rd period - Snap shot by Marek Zagrapan.
19:45 of 3rd period - Stopped by Matt Hackett with a rebound.
19:47 of 3rd period - Slapshot by David Rundblad.
19:47 of 3rd period - Stopped by Matt Hackett with a rebound.
19:49 of 3rd period - Slapshot by David Rundblad.
19:49 of 3rd period - Stopped by Matt Hackett without a rebound.
19:50 of 3rd period - Patrice Cormier wins face-off versus Darren Helm in Blackdemons zone.
Goals for this period are 1 for Blackdemons vs 3 for Demolitions.
Shots for this period are 16 for Blackdemons vs 13 for Demolitions.
Back to the Top